Map: Jagannatha LE

Players

Duke

  • Race: Zerg Zerg
  • League: Diamond
  • Spawn Location: 1:00

A.I. 1 (Very Easy) - Winner!

  • Race: Protoss Protoss
  • Spawn Location: 7:00

VOD

Have the link to the VOD?

Description

Time

  • Played on: Feb. 1, 2021, 5:21 p.m.
  • Length: 7:21
Show
View Real Time Build Order
Export as new Build Order

Duke Zerg 

Build Orders: Pool First 

Get SALT Encoding   

  12  0:00  Drone  
  13  0:08  Drone  
  14  0:25  Spawning Pool  
  13  0:29  Drone  
  14  0:37  Extractor  
  14  0:38  Drone  
  14  0:39  Extractor  
  14  0:40  Drone  
  16  0:47  Overlord  
  16  1:11  Queen  
  16  1:12  Zergling x4  
  16  1:13  Zergling x2  
  21  1:23  Zergling x2  
  22  1:32  Hatchery  
  21  1:36  Zergling x2  
  22  1:46  Extractor  
  21  1:49  Extractor, Queen  
  23  1:55  Overlord  
  22  2:14  Drone x2  
  24  2:17  Drone  
  24  2:19  Drone x2  
  24  2:21  Drone  
  28  2:29  Drone  
  28  2:41  Drone  
  29  2:45  Queen  
  29  2:48  Drone  
  29  2:51  Overlord  
  32  2:59  Queen  
  32  3:00  Drone  
  32  3:04  Drone  
  36  3:09  Drone  
  36  3:10  Drone  
  36  3:11  Drone  
  39  3:14  Drone  
  39  3:16  Drone  
  41  3:24  Lair  
  41  3:30  Drone x2  
  41  3:31  Drone  
  44  3:43  Hatchery  
  44  3:47  Overlord  
  43  3:50  Extractor  
  43  3:52  Extractor  
  43  3:53  Extractor, Metabolic Boost  
  40  3:56  Drone  
  40  3:58  Drone  
  40  4:00  Drone  
  40  4:02  Drone  
  44  4:06  Drone x2  
  46  4:10  Overlord  
  46  4:15  Drone x2  
  46  4:16  Drone  
  49  4:17  Drone  
  49  4:19  Drone  
  49  4:23  Hydralisk Den  
  50  4:25  Drone  
  50  4:27  Drone  
  52  4:31  Overlord  
  52  4:34  Drone  
  52  4:35  Drone  
  54  4:42  Nydus Network  
  54  4:44  Extractor  
  54  4:45  Drone  
  53  4:46  Drone  
  53  4:48  Drone  
  53  4:50  Drone  
  53  4:52  Extractor  
  55  4:54  Muscular Augments  
  55  4:58  Drone x2  
  55  4:59  Hydralisk  
  57  5:05  Drone, Hydralisk  
  62  5:08  Drone  
  62  5:09  Drone  
  62  5:11  Hydralisk  
  66  5:15  Overlord  
  66  5:18  Hydralisk  
  68  5:22  Drone  
  68  5:23  Nydus Canal  
  68  5:25  Drone  
  68  5:27  Overlord  
  70  5:29  Hydralisk  
  70  5:33  Hydralisk  
  74  5:37  Hydralisk  
  74  5:39  Hydralisk  
  74  5:42  Overlord  
  78  5:44  Hydralisk  
  78  5:48  Hydralisk  
  82  5:50  Zergling x2  
  82  5:53  Zergling x4  
  82  5:54  Hydralisk  
  87  6:00  Hydralisk x2  
  87  6:03  Overlord  
  91  6:08  Grooved Spines, Overlord  
  91  6:11  Hydralisk  
  91  6:12  Zergling x2  
  91  6:13  Zergling x2  
  91  6:15  Zergling x2  
  91  6:18  Overlord  
  96  6:19  Hydralisk  
  96  6:22  Nydus Canal  
  96  6:25  Hydralisk, Zergling x2  
  99  6:29  Overlord  
  99  6:31  Hydralisk  
  103  6:34  Hydralisk  
  103  6:38  Hydralisk  
  103  6:39  Zergling x2  
  108  6:40  Zergling x2  
  108  6:43  Hydralisk  
  108  6:46  Hydralisk  
  114  6:47  Zergling x2  
  114  6:49  Zergling x4  
  114  6:51  Hydralisk  
  114  6:54  Zergling x2  
  119  6:55  Hydralisk  
  119  7:00  Zergling x2  
Show
View Real Time Build Order
Export as new Build Order

A.I. 1 (Very Easy) Protoss - Winner!

Build Orders:  

Get SALT Encoding   

  12  0:00  Probe  
  13  0:13  Probe  
  14  0:20  Pylon  
  14  0:37  Assimilator  
  14  0:43  Gateway  
  14  0:45  Pylon  
  14  1:14  Assimilator  
  14  1:24  Probe  
  14  1:30  Zealot  
  14  1:32  Probe  
  17  1:34  Cybernetics Core  
  18  1:40  Probe  
  19  1:51  Probe  
  20  2:00  Probe  
  20  2:08  Probe, Zealot  
  16  2:25  Probe  
  14  2:36  Zealot  
  16  2:37  Probe  
  16  2:38  Warp Gate  
  17  2:49  Probe  
  18  3:01  Probe  
  19  3:13  Probe  
  20  3:25  Probe  
  21  3:38  Probe  
  22  3:41  Pylon  
  22  3:50  Probe, Stalker  
  25  4:02  Probe  
Tags
 
League
Diamond
Matchup
PvZ
Opening
Pool First
Spawn Locations
Cross Positions
Add a new tag
Caveats
  • Supply blocks, unpowered buildings, or Contaminate may cause inaccurate times.
  • Supply counts are checked every 10 seconds.